 Dungeon Crawl Stone Soup version 0.29-a0-728-g6bb282b620 (webtiles) character file.

Game seed: 4477106035026579898

115633 Bruhh the Scorcher (level 17, -22/133 HPs)
             Began as a Human Conjurer on June 28, 2022.
             Was a Believer of Ashenzari.
             Killed from afar by a deep elf knight (32 damage)
             ... with a lance of force
             ... on level 2 of the Elven Halls on June 29, 2022.
             The game lasted 00:59:53 (33996 turns).

Bruhh the Scorcher (Human Conjurer)                Turns: 33996, Time: 00:59:53

Health: -22/133    AC: 16    Str:  8    XL:     17   Next: 24%
Magic:  10/33      EV: 12    Int: 30    God:    Ashenzari [**....]
Gold:   639        SH:  5    Dex: 14    Spells: 11/40 levels left

rFire   + . .      SeeInvis +   K - +10 war axe of Duty {spect, rCorr}
rCold   + + +      Faith    .   (no shield)
rNeg    + . .      Spirit   .   a - +1 robe of Ashenzari's Visionary {*Slow rC+++ Will+ Stlth+, Elem, Self} (curse)
rPois   .          Reflect  +   E - +1 helmet
rElec   +          Harm     .   H - +0 cloak "All-seeing Entitlement" {Evo, Elem} (curse)
rCorr   +          Rampage  .   S - +3 pair of gloves of the Hurricane {rC+ Will+++ Regen+ Int-2}
Will    +++++      Clarity  +   P - +5 pair of boots "Takhygg" {+Inv rElec rF+ Dex+2}
Stlth   +++.......              o - amulet of reflection
HPRegen 1.12/turn               J - ring of Paranoia {Wiz rN+}
MPRegen 0.23/turn               M - ring of Ashenzari's Paranoia {Int+6, Bglg, Comp} (curse)

@: no status effects
A: clarity
a: Renounce Religion, Evoke Invisibility, Curse Item, Shatter the Chains


You were on level 2 of the Elven Halls.
You worshipped Ashenzari.
Ashenzari was pleased with you.
You visited 6 branches of the dungeon, and saw 24 of its levels.

You collected 2510 gold pieces.
You spent 1871 gold pieces at shops.

Inventory:

Hand Weapons
 K - the +10 war axe of Duty (weapon) {spect, rCorr}
   (You took it off a gnoll on level 8 of the Dungeon)

   When its wielder attacks, the weapon's spirit leaps out and strikes again.
   The spirit shares a part of any damage it takes with its wielder.
   rCorr:     It protects you from acid and corrosion.
 Q - the +7 quarterstaff of the Furious {vorpal, rCorr Int+2}
   (You found it on level 4 of the Lair of Beasts)

   It inflicts extra damage upon your enemies.
   Int:       It affects your intelligence (+2).
   rCorr:     It protects you from acid and corrosion.
 X - the +6 hand axe "Wuxegymi" {antimagic, Int+7}
   (You found it on level 12 of the Dungeon)

   It reduces the magical energy of the wielder, and disrupts the spells and
   magical abilities of those it strikes.
   Natural abilities and divine invocations are not affected.
   Int:       It affects your intelligence (+7).
Armour
 a - the cursed +1 robe of Ashenzari's Visionary (worn) {*Slow rC+++ Will+ Stlth+, Elem, Self}
   (You bought it in a shop on level 4 of the Dungeon)

   rC:        It renders you almost immune to cold.
   *Slow:     It may slow you when you take damage.
   Will:      It increases your willpower.
   Stlth:     It makes you more stealthy.
   It has a curse which improves the following skills: Elements: Fire Magic, Ice
   Magic, Air Magic and Earth Magic.
   Introspection: Fighting and Spellcasting.
 E - a +1 helmet (worn)
 H - the cursed +0 cloak "All-seeing Entitlement" (worn) {Evo, Elem}
   (You found it on level 5 of the Dungeon)

   It has a curse which improves the following skills: Evocations: Evocations.
   Elements:  Fire Magic, Ice Magic, Air Magic and Earth Magic.
 P - the +5 pair of boots "Takhygg" (worn) {+Inv rElec rF+ Dex+2}
   (You acquired it on level 6 of the Lair of Beasts)

   Dex:       It affects your dexterity (+2).
   rF:        It protects you from fire.
   rElec:     It insulates you from electricity.
   +Inv:      It lets you turn invisible.
 S - the +3 pair of gloves of the Hurricane (worn) {rC+ Will+++ Regen+ Int-2}
   (You acquired it on level 6 of the Lair of Beasts)

   Int:       It affects your intelligence (-2).
   rC:        It protects you from cold.
   Regen:     It increases your rate of health regeneration.
   Will:      It greatly increases your willpower.
Jewellery
 b - a +6 ring of dexterity
 o - an amulet of reflection (around neck)
 y - a ring of protection from cold
 J - the ring of Paranoia (left hand) {Wiz rN+}
   (You found it on level 3 of the Lair of Beasts)

   [ring of wizardry]

   It improves your spell success rate.
   rN:        It protects you from negative energy.
 M - the cursed ring of Ashenzari's Paranoia (right hand) {Int+6, Bglg, Comp}
   (You found it on level 6 of the Lair of Beasts)

   [ring of intelligence]

   Int:       It affects your intelligence (+6).
   It has a curse which improves the following skills: Beguiling: Conjurations,
   Hexes and Translocations.
   Companions: Summonings and Necromancy.
 T - an amulet of guardian spirit
Wands
 g - a wand of quicksilver (13)
 q - a wand of polymorph (23)
 v - a wand of mindburst (11)
 L - a wand of iceblast (29)
 V - a wand of flame (14)
 W - a wand of digging (1)
 Y - a wand of charming (1)
Scrolls
 c - 2 scrolls of immolation
 d - 15 scrolls of teleportation
 i - 4 scrolls of poison
 j - 6 scrolls of fog
 p - 2 scrolls of silence
 s - 2 scrolls of fear
 t - 3 scrolls of amnesia
 u - 2 scrolls of enchant armour
 A - 4 scrolls of vulnerability
 B - 4 scrolls of magic mapping
 I - 2 scrolls of summoning
 N - 3 scrolls of blinking
 O - 6 scrolls of enchant weapon
Potions
 f - 4 potions of brilliance
 h - 7 potions of attraction
 k - a potion of berserk rage
 l - a potion of flight
 m - 5 potions of curing
 n - 5 potions of heal wounds
 r - a potion of resistance
 w - 2 potions of might
 x - 2 potions of mutation
 C - 2 potions of haste
 F - 3 potions of ambrosia
 G - 5 potions of cancellation
 R - 2 potions of magic


   Skills:
 - Level 10.8(12.0) Fighting
 - Level 2.0 Dodging
 - Level 2.0 Stealth
 - Level 10.8(12.0) Spellcasting
 + Level 13.5(14.6) Conjurations
 - Level 4.0(5.1) Hexes
 - Level 5.0(6.2) Translocations
 - Level 7.0 Transmutations
 + Level 15.0(16.8) Fire Magic
 - Level 13.2(15.0) Ice Magic


You had 11 spell levels left.
You knew the following spells:

 Your Spells              Type           Power      Damage    Failure   Level
a - Magic Dart            Conj           100%       1d8       0%          1
b - Searing Ray           Conj           100%       2d8       0%          2
c - Iskenderun's Mystic   Conj/Tloc      69%        2d14      1%          4
d - Blink                 Tloc           100%       N/A       1%          2
e - Irradiate             Conj/Tmut      35%        3d25      1%          5
f - Ozocubu's Armour      Ice            83%        N/A       0%          3
g - Ozocubu's Refrigerat  Ice            41%        4d13      1%          7
h - Freezing Cloud        Conj/Ice/Air   33%        6-21      1%          5

Your spell library contained the following spells:

 Spells                   Type           Power      Damage    Failure   Level
 Foxfire                  Conj/Fire      100%       2x1d9     0%          1
 Freeze                   Ice            100%       1d11      0%          1
 Scorch                   Fire           100%       2d10      0%          2
 Conjure Flame            Conj/Fire      85%        6-21      0%          3
 Frozen Ramparts          Ice            100%       1d12      0%          3
 Apportation              Tloc           100%       N/A       1%          1
 Beastly Appendage        Tmut           100%       N/A       1%          1
 Poisonous Vapours        Pois/Air       36%        N/A       1%          2
 Sublimation of Blood     Necr           18%        N/A       1%          2
 Dazzling Flash           Conj/Hex       100%       N/A       1%          3
 Ignite Poison            Fire/Tmut/Pois 60%        N/A       1%          3
 Inner Flame              Hex/Fire       71%        N/A       1%          3
 Lesser Beckoning         Tloc           53%        N/A       1%          3
 Mephitic Cloud           Conj/Pois/Air  47%        N/A       1%          3
 Flame Wave               Conj/Fire      85%        2d15      1%          4
 Fulminant Prism          Conj/Hex       33%        3d16      1%          4
 Hailstorm                Conj/Ice       82%        3d17      1%          4
 Petrify                  Tmut/Erth      39%        N/A       2%          4
 Manifold Assault         Tloc           53%        N/A       2%          5
 Alistair's Intoxication  Tmut/Pois      26%        N/A       8%          5
 Corpse Rot               Necr/Pois/Air  18%        N/A       11%         4
 Summon Cactus Giant      Summ           9%         N/A       82%         6
 Fire Storm               Conj/Fire      42%        8d11      85%         9
 Chain Lightning          Conj/Air       29%        3d38      100%        9
 Shatter                  Erth           9%         3d11*     100%        9


Dungeon Overview and Level Annotations

Branches:
Dungeon (12/15)            Temple (1/1) D:6            Lair (6/6) D:9
  Swamp (1/4) Lair:2       Spider (0/4) Lair:2        Slime (0/5) Lair:6
    Orc (2/2) D:12            Elf (2/3) Orc:2

Altars:
Ashenzari
Cheibriados
Dithmenos
Fedhas
Gozag
Hepliaklqana
Kikubaaqudgha
Makhleb
Nemelex Xobeh
Okawaru
Qazlal
Sif Muna
Trog
Uskayaw
Vehumet
Wu Jian
Xom
Yredelemnul
Zin
Beogh

Shops:
D:3 :   D:4 [   D:5 [   Orc:2 *[(==   Elf:2 !

Portals:
Bazaar: Elf:1

Annotations:
D:4 3 runed translucent doors, Jano's ghost, amateur TrMo
D:7 2 transporters, Zero's ghost, novice DENe
Elf:1 3 runed translucent doors, exclusion: obsidian statue, PentaManta's ghost, adept SpHu


Innate Abilities, Weirdness & Mutations

You possess an exceptional clarity of mind.


Message History

Unknown command.
Unknown command.
Unknown command.
You slash the deep elf pyromancer!
The deep elf pyromancer is lightly wounded.
Your +10 war axe of Duty {spect, rCorr} hits the deep elf pyromancer!!
You can drink potions again.
The +5 vorpal halberd hits you from afar.
The deep elf pyromancer hits you with a +0 long sword of protection.
The +5 vorpal halberd hits you from afar!!
The deep elf pyromancer hits you but does no damage.
Unknown command.
You barely miss the deep elf pyromancer.
The deep elf pyromancer is heavily wounded.
Your +10 war axe of Duty {spect, rCorr} barely misses the deep elf pyromancer.
The +5 vorpal halberd hits you from afar! x2
Unknown command.
You closely miss the deep elf knight.
The deep elf knight is moderately wounded.
Your +10 war axe of Duty {spect, rCorr} completely misses the deep elf knight.
Your +10 war axe of Duty {spect, rCorr} hits the +5 vorpal halberd.
Your +10 war axe of Duty {spect, rCorr} hits the deep elf pyromancer!
The +5 vorpal halberd hits you from afar!
The deep elf knight hits you with a +0 short sword!
* * * LOW HITPOINT WARNING * * *
The deep elf pyromancer casts a spell at you.
The sticky flame hits the deep elf knight!
The deep elf knight is covered in liquid flames!
The +5 vorpal halberd hits you from afar!
* * * LOW HITPOINT WARNING * * *
x2 The deep elf pyromancer mumbles some strange words.
The deep elf knight hits your +10 war axe of Duty {spect, rCorr} with a +0 short sword!
Your spectral weapon shares its damage with you!
* * * LOW HITPOINT WARNING * * *
You feel much better.
The deep elf knight burns!
The +5 vorpal halberd hits you from afar!!
* * * LOW HITPOINT WARNING * * *
x2 The deep elf knight gestures at you while chanting.
The lance of force hits you!!
You die...

#§.≈# ##.## #'''# ## ### ###
#####...##### ### #.#
##.####.####.#.''#''.#.####.#
...##...##...##.....###.....##...
.................................
..)........#...................#.
..........###..)@.............###
.........## ##E.e............## #
..........###.(e§.............###
...).......#...................#.
.................................
...°.............................
.)..................#.#..........
...................#####.........
......)..........).# #.........


You could see a deep elf knight (fast, invisible, burning), a deep elf
pyromancer, a fire elemental (summoned) and a +5 vorpal halberd.

Vanquished Creatures
  A deep elf blademaster (Elf:2)
  Kirke (D:12)
  2 deep elf annihilators
  Snorg (Orc:2)
  A fire dragon (Lair:6)
  Fannar (Lair:2)
  Josephine (D:12)
  3 hydras
  An ogre mage (Orc:2)
  10 two-headed ogres
  17 dancing weapons
  9 death yaks (Lair:5)
  An orc high priest (Orc:2)
  A soul eater (D:12)
  3 sun demons (D:12)
  20 deep elf knights
  A spriggan (Swamp:1)
  Nergalle (D:11)
  3 sixfirhies (D:12)
  A fire crab (Lair:6)
  A goliath frog (Swamp:1)
  6 deep elf archers
  An orb spider (Lair:2)
  2 bog bodies (Lair:2)
  Lodul (D:10)
  A swamp dragon (Lair:6)
  24 deep elf pyromancers
  18 deep elf zephyrmancers
  4 orc sorcerers (Orc:2)
  An ugly thing (D:12)
  10 elephants
  2 manticores (D:11)
  8 black mambas
  2 cyclopes (D:11)
  Maurice (Orc:1)
  11 cane toads
  Maggie (D:7)
  A rime drake (Lair:6)
  2 kobold demonologists (D:12)
  5 komodo dragons
  A hellwing (D:12)
  2 polar bears
  5 trolls
  3 hornets
  3 slime creatures (D:12)
  15 blink frogs
  2 shadows (D:12)
  An air elemental (Elf:1)
  7 wraiths (D:12)
  A ynoxinul (D:12)
  6 wyverns
  56 yaks
  3 hogs (D:12)
  A fire elemental (Elf:2)
  2 basilisks (Lair:1)
  2 steam dragons (Lair:6)
  3 vampire mosquitoes (D:12)
  3 wargs
  A swamp worm (shapeshifter) (Elf:2)
  11 water moccasins
  3 acid dragons
  A swamp drake (Lair:6)
  5 ice beasts
  20 orc warriors
  A sky beast (D:8)
  3 black bears
  13 ogres
  A black bear (shapeshifter) (D:10)
  20 wolves
  7 centaurs
  A phantom (D:4)
  10 bullfrogs
  Blork the orc (D:6)
  A gnoll sergeant (D:11)
  5 scorpions
  2 necrophages
  4 earth elementals
  8 wights (D:8)
  11 killer bees
  3 electric eels (D:12)
  3 howler monkeys (D:7)
  3 vampire bats (Orc:2)
  4 hounds
  21 orc priests
  3 gnoll shamans
  10 iguanas
  34 orc wizards
  27 gnolls
  4 adders (D:5)
  A white imp (D:7)
  2 ufetubi
  A worm (D:2)
  2 dart slugs
  67 orcs
  4 endoplasms
  3 giant cockroaches
  12 goblins
  9 hobgoblins
  11 jackals
  10 kobolds
  3 quokkas
  15 ball pythons
  14 bats
  3 frilled lizards
  4 rats
699 creatures vanquished.

Vanquished Creatures (others)
  A bush (Lair:3)
  6 demonic plants (D:12)
  40 fungi
  54 plants
101 creatures vanquished.

Grand Total: 800 creatures vanquished

Notes
Turn   | Place    | Note
-------+----------+-------------------------------------------
     0 | D:1      | Bruhh the Human Conjurer began the quest for the Orb.
     0 | D:1      | Reached XP level 1. HP: 13/13 MP: 3/3
   260 | D:1      | Reached XP level 2. HP: 19/19 MP: 1/5
   530 | D:1      | Reached XP level 3. HP: 16/24 MP: 3/6
   816 | D:1      | Found a faded altar of an unknown god.
  1224 | D:2      | Found an iron altar of Okawaru.
  1549 | D:1      | Learned a level 2 spell: Searing Ray
  1583 | D:1      | Reached XP level 4. HP: 4/30 MP: 3/8
  2243 | D:2      | Reached skill level 5 in Conjurations
  2631 | D:3      | Reached XP level 5. HP: 35/35 MP: 8/10
  2659 | D:3      | Found Xoebahuo's Book Shoppe.
  3418 | D:3      | Found a hide-covered altar of Uskayaw.
  3420 | D:3      | Found a basalt altar of Yredelemnul.
  3911 | D:4      | Reached XP level 6. HP: 41/41 MP: 7/11
  4198 | D:4      | Found Celiath's Armour Shoppe.
  4266 | D:4      | Noticed Jano's ghost (amateur TrMo)
  4280 | D:4      | Found a runed translucent gate.
  4280 | D:4      | Found a runed translucent gate.
  4508 | D:4      | Reached XP level 7. HP: 43/46 MP: 4/14
  4653 | D:4      | Found a runed translucent gate.
  5017 | D:5      | Entered Level 5 of the Dungeon
  5074 | D:5      | Reached skill level 5 in Spellcasting
  5696 | D:5      | Found Ubaixe Duda's Armour Shop.
  5975 | D:5      | Reached XP level 8. HP: 52/52 MP: 8/16
  6131 | D:5      | Identified the +3 falchion of Oenomania {flame, rC++ Str+3
                  | Int-5}
  6160 | D:5      | Found a sparkling altar of Nemelex Xobeh.
  6198 | D:5      | Reached skill level 1 in Translocations
  6432 | D:6      | You fall into a shaft and drop 2 floors!
  6904 | D:8      | Learned a level 4 spell: Iskenderun's Mystic Blast
  7036 | D:8      | Identified the +10 war axe of Duty {spect, rCorr}
  7198 | D:8      | Reached XP level 9. HP: 57/57 MP: 9/19
  7376 | D:8      | Reached skill level 5 in Translocations
  8157 | D:7      | Noticed Maggie
  8348 | D:7      | Found a transporter.
  8357 | D:7      | Found a transporter.
  8357 | D:7      | Noticed Zero's ghost (novice DENe)
  8360 | D:7      | Identified the ring "Mighaush" {rC+ rCorr}
  8395 | D:7      | Killed Maggie
  8399 | D:7      | Learned a level 2 spell: Blink
  8920 | D:7      | Reached skill level 1 in Hexes
  8985 | D:6      | Reached XP level 10. HP: 63/63 MP: 18/23
  9041 | D:6      | Noticed Blork the orc
  9121 | D:3      | Bought a book of Alchemy for 392 gold pieces
  9265 | D:6      | Killed Blork the orc
  9270 | D:6      | Reached skill level 1 in Transmutations
  9515 | D:6      | Found a staircase to the Ecumenical Temple.
  9682 | Temple   | Entered the Ecumenical Temple
  9786 | Temple   | Became a worshipper of Ashenzari the Shackled
  9912 | D:6      | Found a radiant altar of Vehumet.
  9923 | D:6      | Found an ancient bone altar of Kikubaaqudgha.
  9924 | D:6      | Found a shimmering blue altar of Sif Muna.
  9929 | D:6      | Got Sif Muna's Catalogue of Shape Shifting
 11402 | D:8      | Learned a level 5 spell: Irradiate
 11678 | D:9      | Found an iron altar of Okawaru.
 11776 | D:9      | Reached skill level 5 in Transmutations
 11853 | D:9      | Found a staircase to the Lair.
 11982 | D:9      | Found a stormy altar of Qazlal.
 12037 | D:9      | Noticed a two-headed ogre
 12044 | D:9      | Killed a two-headed ogre
 12045 | D:9      | Reached XP level 11. HP: 32/68 MP: 4/24
 12704 | D:10     | Entered Level 10 of the Dungeon
 12820 | D:10     | Noticed Lodul
 12827 | D:10     | Killed Lodul
 12828 | D:10     | Reached skill level 10 in Conjurations
 12828 | D:10     | Reached skill level 1 in Fighting
 12879 | D:10     | Found a blossoming altar of Fedhas.
 13063 | D:10     | Reached * piety under Ashenzari
 13556 | D:11     | Reached ** piety under Ashenzari
 13579 | D:11     | Found an iron altar of Okawaru.
 13579 | D:11     | Noticed a manticore
 13598 | D:11     | Noticed Nergalle
 13603 | D:11     | Killed Nergalle
 13604 | D:11     | Reached skill level 1 in Ice Magic
 13604 | D:11     | Killed a manticore
 13605 | D:11     | Reached skill level 5 in Fighting
 13611 | D:11     | Upgraded the game from 0.29-a0-722-g64f5989226 to
                  | 0.29-a0-728-g6bb282b620
 13709 | D:11     | Noticed a two-headed ogre
 13717 | D:11     | Killed a two-headed ogre
 14040 | D:11     | Noticed a two-headed ogre
 14047 | D:11     | Killed a two-headed ogre
 14106 | D:11     | Noticed a cyclops
 14110 | D:11     | Killed a cyclops
 14111 | D:11     | Reached XP level 12. HP: 78/91 MP: 15/26
 14111 | D:11     | Paralysed by a hornet for 1 turns
 14351 | D:11     | Noticed a two-headed ogre
 14357 | D:11     | Killed a two-headed ogre
 14672 | D:11     | Noticed a two-headed ogre
 14676 | D:11     | Killed a two-headed ogre
 14677 | D:11     | Reached skill level 5 in Ice Magic
 15099 | D:11     | Found a shimmering altar of Xom.
 15219 | D:11     | Identified the +1 ring mail of Vesan {Stlth+}
 15604 | Lair:1   | Entered Level 1 of the Lair of Beasts
 16247 | Lair:1   | Learned a level 3 spell: Ozocubu's Armour
 16478 | Lair:2   | Found a hole to the Spider Nest.
 16478 | Lair:2   | Noticed an orb spider
 16519 | Lair:2   | Found a staircase to the Swamp.
 16745 | Lair:2   | Noticed Fannar
 16752 | Lair:2   | Killed Fannar
 16753 | Lair:2   | Reached XP level 13. HP: 103/103 MP: 16/27
 16838 | Lair:2   | Reached *** piety under Ashenzari
 17043 | D:4      | Bought the +1 robe of True Grit {*Slow rC+++ Will+ Stlth+}
                  | for 555 gold pieces
 18113 | Lair:3   | Reached skill level 10 in Ice Magic
 18159 | Lair:3   | Learned a level 7 spell: Ozocubu's Refrigeration
 18729 | Lair:3   | Identified the ring of Paranoia {Wiz rN+}
 19000 | Lair:3   | Learned a level 5 spell: Freezing Cloud
 19762 | Lair:4   | Identified the +7 quarterstaff of the Furious {vorpal,
                  | rCorr Int+2}
 19974 | Lair:4   | Noticed a five-headed hydra
 19978 | Lair:4   | Killed a five-headed hydra
 20858 | Lair:5   | Reached XP level 14. HP: 104/110 MP: 20/29
 21498 | Lair:5   | Reached skill level 10 in Spellcasting
 21526 | Lair:5   | Reached skill level 10 in Fighting
 21868 | Lair:5   | Found an ornate altar of the Wu Jian Council.
 22030 | Lair:5   | Identified the +6 trident of Perversion {venom, rPois}
 22185 | Lair:5   | Identified a scroll of acquirement
 22817 | Lair:6   | Entered Level 6 of the Lair of Beasts
 22819 | Lair:6   | Reached skill level 1 in Fire Magic
 22824 | Lair:6   | Reached skill level 2 in Fire Magic
 22981 | Lair:6   | Reached skill level 3 in Fire Magic
 23193 | Lair:6   | Reached skill level 4 in Fire Magic
 23582 | Lair:6   | Acquired the +5 pair of boots "Takhygg" {+Inv rElec rF+
                  | Dex+2}
 23594 | Lair:6   | Acquired the +3 pair of gloves of the Hurricane {rC+
                  | Will+++ Regen+ Int-2}
 23648 | Lair:6   | Reached skill level 5 in Fire Magic
 24266 | Lair:6   | Reached skill level 6 in Fire Magic
 24612 | Lair:6   | Found a staircase to the Slime Pits.
 25158 | D:12     | Reached skill level 7 in Fire Magic
 25159 | D:12     | Reached XP level 15. HP: 70/119 MP: 30/30
 25375 | D:12     | Identified the +6 hand axe "Wuxegymi" {antimagic, Int+7}
 25572 | D:12     | Reached skill level 8 in Fire Magic
 26044 | D:12     | Noticed Kirke
 26051 | D:12     | Noticed Josephine
 26053 | D:12     | Reached skill level 9 in Fire Magic
 26053 | D:12     | Killed Kirke
 26060 | D:12     | Killed Josephine
 26833 | D:12     | Reached skill level 10 in Fire Magic
 26868 | D:12     | Found a staircase to the Orcish Mines.
 26891 | Orc:1    | Entered Level 1 of the Orcish Mines
 27189 | Orc:1    | Noticed Maurice
 27195 | Orc:1    | Killed Maurice
 27507 | Orc:2    | Entered Level 2 of the Orcish Mines
 27546 | Orc:2    | Found Anah's General Store.
 27561 | Orc:2    | Bought a scroll of teleportation for 42 gold pieces
 27561 | Orc:2    | Bought a scroll of teleportation for 42 gold pieces
 27769 | Orc:2    | Reached skill level 11 in Fire Magic
 28736 | Orc:2    | Found a staircase to the Elven Halls.
 29015 | Orc:2    | Noticed Snorg
 29023 | Orc:2    | Killed Snorg
 29401 | Orc:2    | Reached skill level 12 in Fire Magic
 29408 | Orc:2    | Found Mafus's Armour Shop.
 29408 | Orc:2    | Found Loyshran's Weapon Shop.
 29450 | Orc:2    | Found Urphyples's Jewellery Boutique.
 29454 | Orc:2    | Found Puhy's Jewellery Boutique.
 29976 | D:3      | Bought a book of Annihilations for 840 gold pieces
 30195 | Swamp:1  | Entered Level 1 of the Swamp
 30455 | Elf:1    | Entered Level 1 of the Elven Halls
 30703 | Elf:1    | Found a gateway to a bazaar.
 30713 | Elf:1    | Reached XP level 16. HP: 127/127 MP: 32/32
 30841 | Elf:1    | Reached skill level 13 in Fire Magic
 30847 | Elf:1    | Paralysed by an air elemental for 1 turns
 31456 | Elf:1    | Found a runed translucent gate.
 31456 | Elf:1    | Found a runed translucent gate.
 31459 | Elf:1    | Found a runed translucent gate.
 31461 | Elf:1    | Found an opulent altar of Gozag.
 31462 | Elf:1    | Noticed PentaManta's ghost (adept SpHu)
 31759 | Elf:2    | Found Wabiwuq's Distillery.
 32511 | Elf:2    | Identified the +1 hand axe of Hood {freeze, Fragile rElec
                  | rCorr}
 32554 | Elf:2    | Reached skill level 14 in Fire Magic
 33405 | Elf:2    | Found a runed translucent gate.
 33405 | Elf:2    | Found a runed translucent gate.
 33405 | Elf:2    | Found a runed translucent gate.
 33421 | Elf:2    | Noticed a deep elf blademaster
 33437 | Elf:2    | Killed a deep elf blademaster
 33444 | Elf:2    | Gained mutation: You possess an exceptional clarity of
                  | mind. [mutagenic glow]
 33453 | Elf:2    | Reached XP level 17. HP: 89/133 MP: 7/33
 33980 | Elf:2    | Reached skill level 15 in Fire Magic
 33996 | Elf:2    | Killed from afar by a deep elf knight

Illustrated notes

Levels and vault maps discovered:
D:1:      kilobyte_arrival_exit_the_forest, layout_basic,
          chequers_ecumenical_altar_island
D:2:      layout_basic, basic_altar
D:3:      layout_loops_corners, minitemple, serial_shops, shop_coins,
          grunt_ministairs_12, kennysheep_flooded_box
D:4:      layout_loops_ring, gammafunk_ghost_split, serial_shops,
          nicolae_shop_stone
D:5:      layout_basic, nemelex_altar_shiori, serial_shops, kennysheep_mini_moat
D:6:      layout_rooms, grunt_temple_overflow_magic_moments,
          minmay_temple_entry_arrows, uniq_blork_the_orc
D:7:      layout_layer_cave, gammafunk_ghost_gnarly_gnolls, uniq_maggie
D:8:      layout_cave_pods, dreamdust_princess_bridge
D:9:      layout_roguey, nicolae_qazlal_style_of_elements,
          okawaru_metal_pillars_3, lair_entry_dummy
D:10:     layout_long_grid, fedhas_ov_isle_minmay, minivault_4, uniq_lodul
D:11:     layout_stronghold, gauntlet_entry_generic, hangedman_feature_mirror,
          uniq_nergalle
D:12:     layout_long_grid, erik_orc_2, serial_demonic, serial_demonic_g,
          serial_demonic_d, serial_demonic_a, serial_demonic_d,
          serial_demonic_a, serial_demonic_c, grunt_ministairs_13,
          uniq_josephine, uniq_kirke
Temple:   oiseaux_autumnal_temple
Lair:1:   layout_hall_layers
Lair:2:   layout_regular_city, skrybe_swamp_entry_bodies,
          nicolae_spider_entry_orb_guardian, uniq_fannar
Lair:3:   layout_regular_city
Lair:4:   layout_regular_city
Lair:5:   layout_roguey, basic_altar, chequers_serial_rivers_micro_e
Lair:6:   guppyfry_lair_end_dragon, layout_small_grid,
          dpeg_slime_entry_enclosed, st_stairs_3
Swamp:1:  layout_basic_swamp, evilmike_swamp_ruin_house_5, swamp_pool4
Orc:1:    layout_caves, uniq_maurice
Orc:2:    st_orc_mages, layout_diamond_mine, basic_altar, serial_shops,
          shop_coins, roderic_batcave, uniq_snorg
Elf:1:    minmay_elf_arrival_summoners, layout_gridlike, ebering_ghost_gozag,
          serial_shops, bzr_in_the_mist, hangedman_corner_corridor,
          serial_sigils_hangedman_gnaw, grunt_ministairs_12, minivault_25,
          grunt_megastairs_3
Elf:2:    elven_hall_of_blades_hangedman_original [mumra_blade_entry_dagger],
          layout_geoelf_grid, serial_shops, nicolae_stop_n_shop_2, nicolae_wwwww

Skill      XL: |  1  2  3  4  5  6  7  8  9 10 11 12 13 14 15 16 17 |
---------------+----------------------------------------------------+-----
Spellcasting   | 3 4 5 7 9 10 | 10.8
Conjurations   | 5 6 7 9 10 13 | 13.5
Translocations | 4 5 |  5.0
Hexes          | 3 4 |  4.0
Transmutations | 5 7 |  7.0
Fighting       | 6 8 9 10 | 10.8
Ice Magic      | 4 8 13 | 13.2
Fire Magic     | 7 12 14 15 | 15.0
Dodging        | |  2.0
Stealth        | |  2.0

Action                   |  1- 3 |  4- 6 |  7- 9 | 10-12 | 13-15 | 16-18 || total
-------------------------+-------+-------+-------+-------+-------+-------++-------
Melee: Club              |    18 |       |       |       |       |       ||    18
       Flail             |       |    33 |       |       |       |       ||    33
       Punch             |       |     1 |     1 |     4 |     9 |     3 ||    18
       Dagger            |       |       |    16 |       |       |       ||    16
       War axe           |       |       |    39 |   117 |   356 |   101 ||   613
 Cast: Magic Dart        |    63 |    74 |    83 |    27 |     6 |       ||   253
       Searing Ray       |     1 |    12 |    28 |    11 |     3 |       ||    55
       Iskenderun's Myst |       |       |     1 |     5 |       |       ||     6
       Irradiate         |       |       |       |    35 |    40 |    22 ||    97
       Ozocubu's Refrige |       |       |       |       |    50 |    31 ||    81
       Ozocubu's Armour  |       |       |       |       |     1 |       ||     1
       Freezing Cloud    |       |       |       |       |     3 |       ||     3
Invok: Curse Item        |       |       |       |     4 |     3 |       ||     7
       Shatter the Chain |       |       |       |       |     4 |       ||     4
  Use: Potion            |     1 |       |     1 |     2 |       |     1 ||     5
       Scroll            |       |     4 |     1 |     1 |     2 |       ||     8
 Stab: Sleeping          |       |       |     2 |       |     6 |     2 ||    10
       Distracted        |       |       |     1 |       |     2 |       ||     3
Armor: Robe              |    11 |    11 |    24 |    45 |   167 |    61 ||   319
Dodge: Dodged            |    26 |    27 |    42 |    80 |   237 |    64 ||   476
Block: Other             |       |    15 |    17 |    30 |    92 |    20 ||   174
       Reflection        |       |       |     4 |     2 |     1 |     1 ||     8

Table legend: (Time is in decaauts)
 A = Elapsed time spent in this place.
 B = Non-inter-level travel time spent in this place.
 C = Inter-level travel time spent in this place.
 D = Time resting spent in this place.
 E = Time spent auto-exploring this place.
 F = Levels seen in this place.
 G = Mean time per level.
                   A        B        C        D        E       F      G
               +--------+--------+--------+--------+--------+-----+--------+
         Total |  34439 |  30980 |   3459 |   2827 |  23844 |  24 | 1435.0 |
       Dungeon |  19862 |  17200 |   2662 |   1686 |  13310 |  12 | 1655.2 |
        Temple |    132 |    105 |     27 |      0 |     87 |   1 |  132.0 |
          Lair |   8880 |   8247 |    633 |      0 |   7273 |   6 | 1480.0 |
         Swamp |     18 |     18 |      0 |      0 |      0 |   1 |   18.0 |
  Orcish Mines |   1938 |   1804 |    134 |    355 |   1001 |   2 |  969.0 |
   Elven Halls |   3606 |   3606 |      0 |    786 |   2173 |   2 | 1803.0 |
               +--------+--------+--------+--------+--------+-----+--------+

Top non-repeatable levels by time:
     D:8: 2924 daAuts
    D:12: 2635 daAuts
   Elf:1: 2124 daAuts
     D:7: 2038 daAuts
  Lair:6: 1954 daAuts
     D:1: 1839 daAuts
    D:11: 1830 daAuts
  Lair:3: 1759 daAuts
     D:4: 1693 daAuts
     D:5: 1544 daAuts
  Lair:5: 1525 daAuts
   Elf:2: 1481 daAuts
  Lair:2: 1409 daAuts
   Orc:2: 1394 daAuts
     D:3: 1368 daAuts
